 Dungeon Crawl Stone Soup version 0.29-a0-1033-gb6c65ffae6 (webtiles) character file.

Game seed: 3955335593299729862

576654 miscthings the Rock Star (level 27, -1/246 HPs)
             Began as a Meteoran Artificer on Aug 10, 2022.
             Was the Champion of the Shining One.
             Killed from afar by Lom Lobon (49 damage)
             ... with a great icy blast
             ... in Pandemonium on Aug 14, 2022.
             The game lasted 02:38:10 (27459 turns).

miscthings the Rock Star (Meteoran Artificer)      Turns: 27459, Time: 02:38:10

Health: -1/246     AC: 34    Str: 18    XL:     27
Magic:  27/49      EV: 30    Int: 34    God:    the Shining One [******]
Gold:   4333       SH: 30    Dex: 30    Spells: 28/66 levels left

rFire   + + .      SeeInvis +   w - +9 eveningstar (holy)
rCold   + + +      Faith    .   C - +5 tower shield
rNeg    + + +      Spirit   .   a - +9 scale mail of the Bursting Gods {rCorr Int+3 Slay-5 Stlth+}
rPois   +          Reflect  .   k - +3 hat of Pondering {ponderous, Will+ MP+10 Int+5}
rElec   +          Harm     .   U - +1 cloak of Starlight {*Dazzle EV+4 Stlth--}
rCorr   +          Rampage  ∞   T - +2 pair of gloves "Exteng" {Will+ Regen+ Str-4 Dex+6}
Will    +++++                   O - +3 pair of seven-league boots {Rampage+∞}
Stlth   +.........              I - amulet "Adeceef" {rF- rC+ Regen+ Dex+4 Stlth+}
HPRegen 2.11/turn               f - ring of Wawopse {Fly rF++ MP-9 Int+4 Dex+2}
MPRegen 0.31/turn               Z - ring "Yhocaups" {rElec rC+ Dex+4 SInv}

@: mighty, resistant, flying, very slightly contaminated, hasted, glowing, very
quick
A: sense surroundings 3, otherworldly, glowing, explore regen, see invisible,
clever 1, clumsy 1, strong-willed 1, screaming 1, subdued magic 2
}: 5/15 runes: barnacled, slimy, silver, abyssal, gossamer
a: Renounce Religion, Divine Shield, Cleansing Flame, Summon Divine Warrior


You were in Pandemonium.
You worshipped the Shining One.
The Shining One was exalted by your worship.
You visited 10 branches of the dungeon, and saw 47 of its levels.
You visited Pandemonium 1 time, and saw 5 of its levels.
You visited the Abyss 2 times.
You visited 1 ziggurat, and saw 9 of its levels.

You collected 7078 gold pieces.
You spent 2745 gold pieces at shops.

Inventory:

Hand Weapons
 q - the +6 eveningstar of Vanity {speed, rElec MP-9 Dex+8 Stlth+}
   (You bought it in a shop on level 3 of the Shoals)

   Attacks with this weapon are significantly faster.
   Dex:       It affects your dexterity (+8).
   rElec:     It insulates you from electricity.
   MP:        It affects your magic capacity (-9).
   Stlth:     It makes you more stealthy.
 w - a +9 eveningstar of holy wrath (weapon)
 X - a +1 sacred scourge of holy wrath
Missiles
 D - 4 throwing nets
 S - 4 curare-tipped darts (quivered)
 W - 13 javelins
Armour
 a - the +9 scale mail of the Bursting Gods (worn) {rCorr Int+3 Slay-5 Stlth+}
   (You bought it in a shop on level 2 of the Orcish Mines)

   Int:       It affects your intelligence (+3).
   Slay:      It affects your accuracy & damage with ranged weapons and melee
   (-5).
   rCorr:     It protects you from acid and corrosion.
   Stlth:     It makes you more stealthy.
 i - the +0 mask of the Dragon {Will+ Slay+3 SInv}
   (You found it on level 4 of the Spider Nest)

   Slay:      It affects your accuracy & damage with ranged weapons and melee
   (+3).
   SInv:      It lets you see invisible.
   Will:      It increases your willpower.
 k - the +3 hat of Pondering (worn) {ponderous, Will+ MP+10 Int+5}
   (You took it off Gastronok on level 1 of the Lair of Beasts)

   Int:       It affects your intelligence (+5).
   MP:        It affects your magic capacity (+10).
   Will:      It increases your willpower.
 C - a +5 tower shield (worn)
 O - the +3 pair of seven-league boots (worn) {Rampage+∞}
   (You acquired it on level 5 of the Vaults)

   Its wearer moves as far as possible in that direction when moving towards
   enemies.
 T - the +2 pair of gloves "Exteng" (worn) {Will+ Regen+ Str-4 Dex+6}
   (You found it on level 13 of the Dungeon)

   Str:       It affects your strength (-4).
   Dex:       It affects your dexterity (+6).
   Regen:     It increases your rate of health regeneration.
   Will:      It increases your willpower.
 U - the +1 cloak of Starlight (worn) {*Dazzle EV+4 Stlth--}
   (You found it on level 5 of the Vaults)

   It may blind those who miss an attack against the wearer in melee combat.
   EV:        It affects your evasion (+4).
   Stlth:     It makes you much less stealthy.
Magical Staves
 u - a staff of earth
Jewellery
 f - the ring of Wawopse (left hand) {Fly rF++ MP-9 Int+4 Dex+2}
   (You found it on level 4 of a ziggurat)

   [ring of flight]

   Int:       It affects your intelligence (+4).
   Dex:       It affects your dexterity (+2).
   rF:        It greatly protects you from fire.
   MP:        It affects your magic capacity (-9).
   Fly:       It grants you flight.
 I - the amulet "Adeceef" (around neck) {rF- rC+ Regen+ Dex+4 Stlth+}
   (You found it on level 1 of the Depths)

   [amulet of regeneration]

   Dex:       It affects your dexterity (+4).
   rF:        It makes you vulnerable to fire.
   rC:        It protects you from cold.
   Regen:     It increases your rate of health regeneration.
   Stlth:     It makes you more stealthy.
 L - the ring "Fuop" {rF- rC+ Will+ Dex+2 SInv}
   (You found it on level 3 of the Elven Halls)

   [ring of willpower]

   Dex:       It affects your dexterity (+2).
   rF:        It makes you vulnerable to fire.
   rC:        It protects you from cold.
   SInv:      It lets you see invisible.
   Will:      It increases your willpower.
 Y - the amulet of the Four Winds {rN+ Will+++ Clar}
   (You found it on level 3 of the Elven Halls)

   [amulet of nothing]

   rN:        It protects you from negative energy.
   Clar:      It protects you against confusion.
   Will:      It greatly increases your willpower.
 Z - the ring "Yhocaups" (right hand) {rElec rC+ Dex+4 SInv}
   (You bought it in a shop on level 10 of the Dungeon)

   [ring of protection from cold]

   Dex:       It affects your dexterity (+4).
   rC:        It protects you from cold.
   rElec:     It insulates you from electricity.
   SInv:      It lets you see invisible.
Wands
 e - a wand of iceblast (1)
 s - a wand of mindburst (10)
 t - a wand of quicksilver (15)
 F - a wand of paralysis (23)
 J - a wand of digging (9)
 M - a wand of roots (16)
Scrolls
 c - 2 scrolls of poison
 h - 6 scrolls of magic mapping
 j - 6 scrolls of vulnerability
 n - 6 scrolls of immolation
 x - 7 scrolls of butterflies
 y - a scroll of summoning
 H - 14 scrolls of teleportation
 P - 5 scrolls of fear
 Q - a scroll of blinking
Potions
 b - 7 potions of might
 d - 2 potions of heal wounds
 g - 8 potions of magic
 l - 6 potions of flight
 m - 10 potions of mutation
 p - 10 potions of curing
 r - 3 potions of cancellation
 v - a potion of resistance
 z - 8 potions of lignification
 A - 7 potions of attraction
 B - 15 potions of ambrosia
 E - 4 potions of haste
 V - 5 potions of brilliance
Miscellaneous
 o - a phantom mirror
 K - a box of beasts
 R - a tin of tremorstones (2/2)


   Skills:
 * Level 20.1 Fighting
 - Level 16.0 Maces & Flails
 - Level 3.0 Throwing
 + Level 18.1 Armour
 + Level 18.1 Dodging
 - Level 0.6 Stealth
 + Level 19.4 Shields
 + Level 20.0 Spellcasting
 O Level 27 Earth Magic
 - Level 15.0 Invocations
 + Level 12.1 Evocations


You had 28 spell levels left.
You knew the following spells:

 Your Spells              Type           Power      Damage    Failure   Level
a - Shatter               Erth           47%        3d36*     4%          9
b - Passwall              Tmut/Erth      56%        N/A       0%          2
c - Freeze                Ice            84%        1d10      2%          1
d - Statue Form           Tmut/Erth      45%        N/A       1%          6
e - Iron Shot             Conj/Erth      34%        9d7       1%          6
f - Lee's Rapid Deconstr  Erth           47%        3d23*     0%          5
g - Blink                 Tloc           42%        N/A       4%          2
h - Swiftness             Air            21%        N/A       9%          3
i - Ice Form              Ice/Tmut       21%        N/A       32%         4

Your spell library contained the following spells:

 Spells                   Type           Power      Damage    Failure   Level
 Sandblast                Erth           100%       2d20      0%          1
 Stone Arrow              Conj/Erth      100%       3d13      0%          3
 Animate Armour           Summ/Erth      100%       N/A       1%          4
 Leda's Liquefaction      Hex/Erth       34%        N/A       1%          4
 Foxfire                  Conj/Fire      84%        2x1d8     2%          1
 Magic Dart               Conj           84%        1d7       2%          1
 Shock                    Conj/Air       84%        1d8       2%          1
 Slow                     Hex            84%        N/A       2%          1
 Sting                    Tmut/Pois      84%        1d7       2%          1
 Summon Small Mammal      Summ           84%        N/A       2%          1
 Call Imp                 Summ           21%        N/A       4%          2
 Ensorcelled Hibernation  Hex/Ice        42%        N/A       4%          2
 Poisonous Vapours        Pois/Air       42%        N/A       4%          2
 Static Discharge         Conj/Air       21%        3-6/arc   4%          2
 Sublimation of Blood     Necr           21%        N/A       4%          2
 Wereblood                Tmut           21%        N/A       4%          2
 Call Canine Familiar     Summ           21%        N/A       9%          3
 Confusing Touch          Hex            21%        N/A       9%          3
 Conjure Flame            Conj/Fire      21%        6-21      9%          3
 Dazzling Flash           Conj/Hex       42%        N/A       9%          3
 Frozen Ramparts          Ice            42%        1d7       9%          3
 Gell's Gravitas          Tloc           21%        N/A       9%          3
 Inner Flame              Hex/Fire       21%        N/A       9%          3
 Lesser Beckoning         Tloc           21%        N/A       9%          3
 Mephitic Cloud           Conj/Pois/Air  21%        N/A       9%          3
 Ozocubu's Armour         Ice            21%        N/A       9%          3
 Spider Form              Tmut/Pois      21%        N/A       9%          3
 Summon Guardian Golem    Hex/Summ       21%        N/A       9%          3
 Teleport Other           Tloc           21%        N/A       9%          3
 Vampiric Draining        Necr           21%        2d7       9%          3
 Cause Fear               Hex            10%        N/A       32%         4
 Flame Wave               Conj/Fire      21%        2d8       32%         4
 Iskenderun's Mystic Bla  Conj/Tloc      21%        2d6       32%         4
 Olgreb's Toxic Radiance  Pois           21%        N/A       32%         4
 Passage of Golubria      Tloc           21%        N/A       32%         4
 Summon Ice Beast         Ice/Summ       21%        N/A       32%         4
 Summon Lightning Spire   Summ/Air       21%        N/A       32%         4
 Lehudib's Crystal Spear  Conj/Erth      34%        10d9      67%         8
 Blade Hands              Tmut           10%        N/A       69%         5
 Fireball                 Conj/Fire      10%        3d6       69%         5
 Iskenderun's Battlesphe  Conj           21%        2d7       69%         5
 Lightning Bolt           Conj/Air       10%        1d23      69%         5
 Manifold Assault         Tloc           21%        N/A       69%         5
 Metabolic Englaciation   Hex/Ice        10%        N/A       69%         5
 Silence                  Hex/Air        10%        N/A       69%         5
 Conjure Ball Lightning   Conj/Air       10%        3x3d6     99%         6
 Dispersal                Tloc           10%        N/A       99%         6
 Simulacrum               Ice/Necr       10%        N/A       99%         6
 Starburst                Conj/Fire      10%        6d5       99%         6
 Summon Cactus Giant      Summ           10%        N/A       99%         6
 Dragon Form              Tmut           10%        N/A       100%        7
 Orb of Destruction       Conj           10%        9d6       100%        7
 Spellforged Servitor     Conj/Summ      10%        N/A       100%        7
 Storm Form               Tmut/Air       10%        N/A       100%        7
 Summon Hydra             Summ           10%        N/A       100%        7
 Disjunction              Tloc           10%        N/A       100%        8
 Maxwell's Capacitive Co  Air            10%        ∞         100%        8
 Necromutation            Tmut/Necr      10%        N/A       100%        8
 Dragon's Call            Summ           10%        N/A       100%        9


Dungeon Overview and Level Annotations

Branches:
Dungeon (15/15) Zot: 897   Temple (1/1) D:4 Zot: 481    Lair (5/5) D:9 Zot: 150
 Shoals (4/4) Lair:2 Zot: 461  Spider (4/4) Lair:2 Zot: 184   Slime (5/5) Lair:5 Zot: 2500
    Orc (2/2) D:10 Zot: 78     Elf (3/3) Orc:2 Zot: 268  Vaults (5/5) D:14 Zot: 323
  Crypt (0/3) Vaults:2     Depths (3/4) D:15 Zot: 504

Altars:
Ashenzari
Cheibriados
Dithmenos
Elyvilon
Fedhas
Gozag
Hepliaklqana
Makhleb
Nemelex Xobeh
Okawaru
Qazlal
Ru
Sif Muna
Trog
Uskayaw
Vehumet
Wu Jian
Xom
Yredelemnul
Zin
The Shining One
Jiyva
Lugonu

Shops:
D:3 :   D:8 !   D:10 =[   Orc:2 ***?:   Elf:2 *   Elf:3 :   Shoals:3 ((
Depths:1 [:[(

Portals:
Abyss: Elf:3 Lair:5 Depths:1
Pandemonium: Depths:3

Annotations:
D:8 exclusion: ice statue
Elf:3 2 transporters, miscthings's ghost, adept MeFi
Depths:2 2 transporters
Pan Lom Lobon


Innate Abilities, Weirdness & Mutations

You passively map a large area around you.
You are easily found by Zot.
You glow in the dark.
You regain HP and MP as you explore.
You have supernaturally acute eyesight. (SInv)
Your mind is acute. (Int +4, Str/Dex -1)
You are clumsy. (Dex -2)
You are strong-willed. (Will+)
You occasionally shout uncontrollably at your foes.
Your spells are easier to cast, but less powerful.


Message History

The ball lightning completely resists.
The blast of lightning engulfs Lom Lobon.
Lom Lobon completely resists.
The blast of lightning engulfs you! You resist.
* * * LOW HITPOINT WARNING * * *
You block Lom Lobon's attack.
The ball lightning explodes!
The blast of lightning engulfs you! You resist.
* * * LOW HITPOINT WARNING * * *
The blast of lightning engulfs Lom Lobon.
Lom Lobon completely resists.
Lom Lobon screams, "I will feast on thy neck!"
You sock Lom Lobon!
Lom Lobon convulses!!
Lom Lobon is severely wounded.
Lom Lobon gestures.
The wind drake flaps its wings at you.
The air twists around and strikes you. 3 ball lightnings come into view.
You barely miss Lom Lobon.
Lom Lobon is severely wounded.
The ball lightning explodes!
The blast of lightning engulfs Lom Lobon.
Lom Lobon completely resists.
The blast of lightning engulfs the ball lightning.
The ball lightning completely resists.
The blast of lightning engulfs you! You resist.
* * * LOW HITPOINT WARNING * * *
The blast of lightning engulfs the ball lightning.
The ball lightning completely resists.
The ball lightning explodes!
The blast of lightning engulfs Lom Lobon.
Lom Lobon completely resists.
The blast of lightning engulfs you. You resist.
* * * LOW HITPOINT WARNING * * *
The blast of lightning engulfs the ball lightning.
The ball lightning completely resists.
Lom Lobon screams, "Taste defeat, thou pox-marked two-tin-hat malt-worm!"
You sock Lom Lobon!
Lom Lobon convulses!
Lom Lobon is almost dead.
Lom Lobon gestures at you.
Lom Lobon conjures a mighty blast of ice!
The great icy blast engulfs you!!! You partially resist.
You die...

#### ##### ### *
#..###.#.###.# , *
*#...##.......#### ,,, ,
* ##..............# , , *
##.)......†...### , *
#.......[.†.....# , ,
#.,##§@.....)....)..###
.#..#..&............#..#
.......*.....#........#.
*
...........###.)........
* ,, ..k........#
##......)#. *,
..≈≈.......# ##.)....≈..
,^≈≈≈≈......###....≈≈.≈#.
*
,≈≈..≈≈.....##....≈≈≈.≈[.
, *~ ,
,≈≈..≈≈....≈###..≈≈.≈.≈†.


You could see Lom Lobon, a wind drake (repels missiles) and a ball lightning.

Vanquished Creatures
  the Royal Jelly (Slime:5)
  3 dread liches
  2 ancient liches (Vaults:5)
  The ghost of freelancePsychic the Slayer, a veteran DrBe of Trog (Depths:2)
  Nikola (Shoals:3)
  2 golden dragons (Vaults:5)
  4 bone dragons
  Arachne (Spider:4)
  Jory (Vaults:5)
  A Brimstone Fiend (Zig:1)
  2 Tzitzimimeh (Zig:8)
  3 doom hounds (Zig:8)
  A Hell Sentinel (Pan)
  4 tentacled monstrosities
  Rupert (D:15)
  2 deep elf blademasters (Elf:3)
  8 liches
  2 deep elf master archers (Elf:3)
  Asterion (Vaults:1)
  11 titans
  11 acid blobs
  The ghost of Ywousm the Thaumaturge, an adept GnHW of Okawaru (Vaults:3)
  Polyphemus (Shoals:3)
  5 Executioners
  6 sphinxes
  7 tengu reavers
  4 tentacled starspawn
  2 shadow dragons (Vaults:5)
  10 azure jellies
  A demonspawn warmonger (Pan)
  Kirke (Shoals:3)
  2 revenants
  Donald (Elf:3)
  2 daevas (Depths:1)
  A frost giant (Depths:1)
  5 rockslimes
  2 fire giants (Zig:7)
  2 storm dragons
  4 emperor scorpions
  7 deep elf sorcerers (Elf:3)
  An orc warlord (Vaults:3)
  9 vault wardens
  Louise (D:15)
  A spectral caustic shrike (Depths:2)
  2 balrugs
  2 ghost moths (Spider:4)
  A curse skull (Zig:6)
  2 angels
  4 quicksilver oozes
  2 reapers
  14 ironbound preservers
  3 draconian annihilators (Pan)
  6 cacodemons
  2 deep elf elementalists (Elf:3)
  A ghoul (Zig:6)
  5 ironbound thunderhulks
  4 demonspawn corrupters (Pan)
  2 war gargoyles
  8 deep elf demonologists
  19 very ugly things
  2 apis (Zig:9)
  14 stone giants
  Nessos (D:13)
  4 vampire knights
  A demonspawn black sun (Pan)
  8 deep elf annihilators
  8 dire elephants
  2 lorocyprocas (Pan)
  A spark wasp (Spider:4)
  6 blizzard demons (Pan)
  3 merfolk javelineers
  12 ettins
  5 deep elf death magi
  4 green deaths (Pan)
  7 yaktaur captains
  4 merfolk impalers
  5 fire dragons
  Josephine (Shoals:1)
  3 deep elf high priests
  4 rakshasas
  3 ice dragons
  30 vault guards
  9 hydras
  4 spriggan air magi
  Erolcha (D:11)
  9 great orbs of eyes
  2 caustic shrike simulacra (Depths:2)
  8 centaur warriors
  A hell beast (Pan)
  5 boulder beetles
  3 alligator snapping turtles
  3 merfolk avatars
  A jorogumo (Spider:4)
  A spriggan skeleton (Abyss:2)
  Erica (Lair:1)
  3 catoblepae
  3 ironbound frosthearts
  4 ogre magi
  4 radroaches
  8 two-headed ogres
  4 deep troll shamans
  5 death yaks
  9 death scarabs (Spider:4)
  4 merfolk aquamancers
  A satyr (shapeshifter) (Elf:2)
  Urug (D:11)
  2 hell hogs
  2 satyrs
  3 deep troll earth magi
  2 vampire magi
  5 spriggan berserkers
  10 dancing weapons
  A tengu warrior (D:13)
  5 thrashing horrors
  9 deep elf knights
  2 orc high priests
  Sonja (D:11)
  3 sun demons (Pan)
  The ghost of drpainis the Unseen, a journeyman SpEn of Dithmenos (D:13)
  A crystal echidna (Zig:2)
  5 hell knights
  A titan skeleton (Abyss:3)
  5 iron trolls
  2 sun moths (Spider:3)
  A fire crab (Zig:7)
  12 sea snakes
  3 wretched stars
  11 skeletal warriors
  4 spatial maelstroms
  2 cherubim (Zig:9)
  A spectral iron dragon (Depths:2)
  4 spriggan druids (Depths:3)
  3 flayed ghosts
  9 sixfirhies
  3 pharaoh ants
  8 steelbarb worms
  6 glowing orange brains
  4 orb spiders
  An obsidian statue (Zig:4)
  A glowing orange brain (shapeshifter) (D:15)
  46 deep trolls
  A death drake (Abyss:2)
  16 wizards
  3 shadow demons (Pan)
  8 ironbound convokers
  4 spriggan simulacra (Shoals:2)
  19 deep elf archers
  17 orc knights
  3 orange crystal statues
  18 deep elf pyromancers
  3 lindwurms
  7 harpies
  2 phantasmal warriors
  2 wolf spider zombies (Spider:4)
  3 necromancers
  37 ugly things
  28 deep elf zephyrmancers
  8 fauns
  2 tengu skeletons (Vaults:2)
  A salamander (D:15)
  3 orc sorcerers
  2 shining eyes
  25 manticores
  2 moths of wrath
  12 wolf spiders
  9 cyclopes
  6 merfolk sirens
  A worldbinder (Abyss:3)
  4 elephants (Lair:5)
  2 frost giant skeletons (Vaults:2)
  2 black mambas
  17 vault sentinels
  A fire giant skeleton (Vaults:2)
  A titan simulacrum (Depths:2)
  An ice statue (Zig:4)
  4 smoke demons (Pan)
  6 water nymphs
  6 torpor snails
  7 cane toads
  An eye of devastation (Slime:3)
  7 orange demons (Pan)
  3 spectral redbacks (Spider:4)
  3 hellions
  2 rime drakes
  9 demonic crawlers
  An unseen horror (shapeshifter) (D:13)
  An efreet (Zig:7)
  A kobold demonologist (D:13)
  15 yaktaurs
  8 komodo dragons
  A komodo dragon (shapeshifter) (D:15)
  3 tengu conjurers
  4 ancient zymes
  A freezing wraith (Vaults:5)
  2 red devils (Pan)
  4 tormentors
  2 redback zombies (Spider:4)
  15 wind drakes
  A silent spectre (Abyss:2)
  8 hellwings (Pan)
  A queen bee (D:9)
  3 human skeletons (Vaults:2)
  8 trolls
  29 large abominations
  2 polar bears (Lair:4)
  3 meliai (Spider:3)
  4 spectral jumping spiders (Spider:4)
  3 spectral tarantellas (Spider:4)
  26 tarantellas
  9 hornets
  A raiju (shapeshifter) (D:13)
  23 merfolk
  6 saltlings (Orc:2)
  23 blink frogs
  A jumping spider zombie (Spider:4)
  2 tarantella zombies (Spider:4)
  10 snapping turtles
  11 dream sheep
  47 slime creatures
  2 culicivora zombies (Spider:4)
  A spectral culicivora (Spider:4)
  A flying skull (Abyss:5)
  25 culicivoras
  21 jumping spiders
  A deep troll skeleton (Vaults:2)
  2 vampires
  23 spriggans
  An ettin skeleton (Vaults:2)
  4 wyverns
  3 air elementals
  9 wraiths
  63 yaks
  6 ynoxinuls
  3 fire elementals
  17 water elementals
  5 humans (D:6)
  3 basilisks
  A dire elephant simulacrum (Shoals:2)
  8 golden eyes
  A human simulacrum (Vaults:3)
  8 vampire mosquitoes (D:13)
  49 redbacks
  A minotaur simulacrum (Shoals:2)
  3 chaos spawn
  A steam dragon (Lair:3)
  A spatial vortex (Abyss:3)
  4 wargs
  2 acid dragons
  12 water moccasins
  A hell hound (Zig:7)
  2 glowing shapeshifter skeletons
  A floating eye (Depths:2)
  19 orc warriors
  3 ice beasts
  4 sky beasts
  6 ogres
  4 boggarts
  A black bear (shapeshifter) (D:14)
  An ettin simulacrum (Vaults:3)
  A wolf (shapeshifter) (Vaults:5)
  12 centaurs
  33 small abominations
  Blork the orc (D:4)
  7 kobold brigands
  A gnoll sergeant (D:11)
  13 bullfrogs
  2 earth elementals
  4 scorpions
  A deep troll simulacrum (Shoals:2)
  8 wights
  32 killer bees
  A lindwurm simulacrum (Shoals:2)
  4 electric eels
  3 howler monkeys
  2 quasits (Abyss:3)
  7 starcursed masses (Zig:4)
  3 hounds
  10 orc priests
  2 gnoll boudas
  2 jellies (Lair:5)
  4 iguanas
  17 orc wizards
  Natasha (D:2)
  15 gnolls
  An adder (D:6)
  3 white imps
  An ufetubus (D:5)
  5 worms
  A dart slug (D:2)
  66 orcs
  5 ball pythons
  2 endoplasms
  4 giant cockroaches
  11 goblins
  7 hobgoblins
  7 jackals
  29 kobolds
  5 quokkas
  2 bats (D:1)
  2 frilled lizards (D:1)
  3 rats
  A spectral goblin (D:3)
  A pillar of salt (Orc:2)
  3 starspawn tentacles
1882 creatures vanquished.

Vanquished Creatures (collateral kills)
  A golden dragon (Vaults:5)
  Jorgrun (Spider:1)
  A titan (Vaults:5)
  A storm dragon (Vaults:5)
  2 shadow dragons (Vaults:5)
  Gastronok (Lair:1)
  An iron dragon (Vaults:5)
  A frost giant (shapeshifter) (Vaults:5)
  2 vault wardens (Vaults:5)
  2 ironbound preservers (Vaults:5)
  A broodmother (Spider:4)
  A very ugly thing (Vaults:5)
  A stone giant (Vaults:5)
  3 yaktaur captains (Vaults:5)
  A jorogumo (Spider:4)
  2 death yaks (Lair:1)
  2 orc high priests (Vaults:3)
  A hell knight (Vaults:5)
  A wizard (Vaults:3)
  2 phantasmal warriors (Vaults:5)
  A wolf spider (Spider:4)
  An ugly thing (D:14)
  A freezing wraith (Vaults:5)
  A blink frog (Lair:1)
  A flying skull (Abyss:5)
  A jumping spider (Spider:4)
  A culicivora (Spider:1)
  2 redbacks (Spider:4)
  An ogre (Orc:1)
  A centaur (D:11)
  A small abomination (Abyss:5)
40 creatures vanquished.

Vanquished Creatures (others)
  A lich (Pan)
  A titan (Pan)
  A demonspawn blood saint (Pan)
  A green death (Pan)
  A rakshasa (Pan)
  A centaur warrior (D:11)
  A two-headed ogre (D:11)
  An orb spider (Spider:4)
  A deep elf pyromancer (Elf:3)
  2 fauns (Shoals:3)
  A smoke demon (Pan)
  2 hellwings (Pan)
  A wind drake (Pan)
  7 hogs (Shoals:3)
  An orc wizard (Orc:1)
  2 orcs
  16 ball lightnings (Pan)
  7 fungi
  A lurking horror (Abyss:3)
  7 pillars of salt (Orc:2)
  80 plants
  8 starspawn tentacles
144 creatures vanquished.

Grand Total: 2066 creatures vanquished

Notes
Turn   | Place    | Note
-------+----------+-------------------------------------------
     0 | D:1      | miscthings the Meteoran Artificer began the quest for the
                  | Orb.
     0 | D:1      | Reached XP level 1. HP: 16/16 MP: 2/2
   123 | D:1      | Reached XP level 2. HP: 16/25 MP: 3/3
   202 | D:1      | Reached XP level 3. HP: 30/30 MP: 4/4
   232 | D:1      | Reached skill level 1 in Maces & Flails
   350 | D:1      | Found a faded altar of an unknown god.
   384 | D:1      | Got Plato's Omnibus of the Lungs
   453 | D:1      | Reached XP level 4. HP: 37/37 MP: 5/5
   482 | D:1      | Glimpsed the power of Zot.
   532 | D:1      | Glimpsed the power of Zot.
   590 | D:2      | Noticed Natasha
   605 | D:2      | Killed Natasha
   841 | D:2      | Reached XP level 5. HP: 39/43 MP: 6/6
   873 | D:2      | Identified a scroll of acquirement
   877 | D:2      | Acquired a +2 eveningstar of protection
  1068 | D:3      | Found Impaohe's Book Shoppe.
  1116 | D:3      | Found a hazy altar of Hepliaklqana.
  1335 | D:5      | Entered Level 5 of the Dungeon
  1335 | D:5      | Noticed a sky beast
  1342 | D:5      | Noticed a bullfrog
  1343 | D:5      | Killed a sky beast
  1344 | D:5      | Reached XP level 6. HP: 31/50 MP: 7/7
  1373 | D:5      | Found a shadowy altar of Dithmenos.
  1378 | D:5      | Reached XP level 7. HP: 44/56 MP: 8/8
  1505 | D:4      | Found a staircase to the Ecumenical Temple.
  1519 | D:4      | Noticed Blork the orc
  1530 | D:4      | Killed Blork the orc
  1576 | Temple   | Entered the Ecumenical Temple
  1676 | Temple   | Became a worshipper of the Shining One
  1943 | D:4      | Found a burning altar of Makhleb.
  1987 | D:5      | Gained mutation: You have large cloven feet. [potion of
                  | mutation]
  1987 | D:5      | Gained mutation: You are clumsy. (Dex -2) [potion of
                  | mutation]
  1987 | D:5      | Gained mutation: You occasionally lose the ability to drink
                  | potions when taking damage. [potion of mutation]
  1987 | D:5      | Gained mutation: You have a pair of small horns on your
                  | head. [potion of mutation]
  2174 | D:5      | Reached XP level 8. HP: 59/62 MP: 9/9
  2302 | D:6      | Reached skill level 10 in Maces & Flails
  2324 | D:6      | Noticed a wraith
  2329 | D:6      | Killed a wraith
  2481 | D:6      | Noticed a human
  2482 | D:6      | Noticed a human
  2484 | D:6      | Noticed a human
  2488 | D:6      | Gained mutation: You passively map the area around you.
                  | [Meteoran growth]
  2488 | D:6      | Reached XP level 9. HP: 68/68 MP: 10/10
  2636 | D:7      | Reached * piety under the Shining One
  2636 | D:7      | Found a radiant altar of Vehumet.
  2705 | D:7      | Reached skill level 15 in Maces & Flails
  2714 | D:7      | Reached XP level 10. HP: 38/75 MP: 11/11
  2891 | D:7      | Found a shimmering blue altar of Sif Muna.
  2894 | D:7      | Found a broken altar of Ashenzari.
  2918 | D:7      | Reached skill level 1 in Invocations
  2930 | D:7      | Found an iron altar of Okawaru.
  2959 | D:7      | Reached ** piety under the Shining One
  3174 | D:8      | Found an opulent altar of Gozag.
  3234 | D:8      | Noticed a two-headed ogre
  3243 | D:8      | Killed a two-headed ogre
  3244 | D:8      | Reached skill level 1 in Throwing
  3244 | D:8      | Reached skill level 5 in Evocations
  3272 | D:8      | Found Xusitoatia's Distillery.
  3314 | D:8      | Noticed an ice statue
  3337 | D:8      | Noticed an orange crystal statue
  3351 | D:8      | Killed an orange crystal statue
  3352 | D:8      | Reached XP level 11. HP: 80/85 MP: 9/14
  3437 | D:9      | Noticed a two-headed ogre
  3489 | D:8      | Killed a two-headed ogre
  3490 | D:8      | Reached skill level 5 in Fighting
  3490 | D:8      | Reached skill level 5 in Armour
  3585 | D:9      | Reached skill level 5 in Invocations
  3637 | D:9      | Found a staircase to the Lair.
  3649 | D:9      | Reached skill level 5 in Dodging
  3914 | D:9      | Reached *** piety under the Shining One
  4014 | D:9      | Noticed a two-headed ogre
  4020 | D:9      | Killed a two-headed ogre
  4021 | D:9      | Reached XP level 12. HP: 90/97 MP: 16/18
  4124 | D:10     | Entered Level 10 of the Dungeon
  4170 | D:10     | Identified the +1 plate armour of Magic {rCorr}
  4414 | D:10     | Found Vivyll's One-of-a-Kind Rings.
  4447 | D:10     | Found a staircase to the Orcish Mines.
  4449 | D:10     | Found Plog's Armour Emporium.
  4481 | D:10     | Bought a +2 buckler of protection for 279 gold pieces
  4612 | D:11     | Noticed a centaur warrior
  4613 | D:11     | Noticed a two-headed ogre
  4615 | D:11     | Noticed Erolcha
  4672 | D:11     | Reached skill level 1 in Shields
  4749 | D:11     | Noticed Urug
  4766 | D:11     | Killed Urug
  4847 | D:11     | Reached **** piety under the Shining One
  4869 | D:11     | Reached XP level 13. HP: 99/107 MP: 20/20
  4930 | D:11     | Killed Erolcha
  4975 | D:11     | Noticed Sonja
  4979 | D:11     | Killed Sonja
  5070 | D:12     | Noticed a boulder beetle
  5083 | D:12     | Killed a boulder beetle
  5666 | D:13     | Noticed a tengu warrior
  5676 | D:13     | Killed a tengu warrior
  5692 | D:13     | Found a blossoming altar of Fedhas.
  5721 | D:13     | Reached skill level 5 in Shields
  5827 | D:13     | Reached skill level 10 in Evocations
  5845 | D:13     | Reached skill level 10 in Invocations
  5894 | D:13     | Reached ***** piety under the Shining One
  5916 | D:13     | Identified the +2 pair of gloves "Exteng" {Will+ Regen+
                  | Str-4 Dex+6}
  6021 | D:13     | Noticed a centaur warrior
  6033 | D:13     | Killed a centaur warrior
  6057 | D:13     | Lost mutation: You have a pair of small horns on your head.
                  | [potion of mutation]
  6057 | D:13     | Lost mutation: You occasionally lose the ability to drink
                  | potions when taking damage. [potion of mutation]
  6057 | D:13     | Gained mutation: You are frail. (-10% HP) [potion of
                  | mutation]
  6057 | D:13     | Gained mutation: You are strong-willed. (Will+) [potion of
                  | mutation]
  6057 | D:13     | Gained mutation: You have a pair of small horns on your
                  | head. [potion of mutation]
  6058 | D:13     | Lost mutation: You are frail. (-10% HP) [potion of
                  | mutation]
  6058 | D:13     | Lost mutation: You have large cloven feet. [potion of
                  | mutation]
  6058 | D:13     | Gained mutation: Your spells are a little easier to cast,
                  | but a little less powerful. [potion of mutation]
  6058 | D:13     | Gained mutation: You are partially covered in iridescent
                  | scales. (AC +2) [potion of mutation]
  6220 | D:13     | Reached XP level 14. HP: 108/118 MP: 22/22
  6379 | D:13     | Found a runed translucent door.
  6381 | D:13     | Noticed drpainis's ghost (journeyman SpEn)
  6390 | D:13     | Killed drpainis's ghost
  6465 | D:13     | Noticed Nessos
  6476 | D:13     | Killed Nessos
  6681 | D:14     | Reached skill level 10 in Armour
  6810 | D:14     | Found a gate to the Vaults.
  7011 | D:14     | Reached skill level 10 in Dodging
  7067 | D:14     | Found an iron altar of Okawaru.
  7307 | D:14     | Reached skill level 10 in Fighting
  7316 | D:15     | Entered Level 15 of the Dungeon
  7325 | D:15     | Noticed Rupert
  7347 | D:15     | Killed Rupert
  7404 | D:15     | Noticed Louise
  7430 | D:15     | Killed Louise
  7538 | D:15     | Reached XP level 15. HP: 115/127 MP: 24/24
  7894 | D:15     | Found a staircase to the Depths.
  8128 | D:10     | Bought the ring "Yhocaups" {rElec rC+ Dex+4 SInv} for 619
                  | gold pieces
  8164 | Orc:1    | Entered Level 1 of the Orcish Mines
  8567 | Orc:2    | Entered Level 2 of the Orcish Mines
  8627 | Orc:2    | Found a staircase to the Elven Halls.
  8775 | Orc:2    | Found Coestyos's Mass Market.
  8936 | Orc:2    | Noticed a stone giant
  8954 | Orc:2    | Killed a stone giant
  9078 | Orc:2    | Found Noti Ras's Assorted Antiques.
  9085 | Orc:2    | Bought a heavily runed scale mail for 261 gold pieces
  9085 | Orc:2    | Identified the +9 scale mail of the Bursting Gods {rCorr
                  | Int+3 Slay-5 Stlth+} (You bought it in a shop on level 2 of
                  | the Orcish Mines)
  9107 | Orc:2    | Noticed a stone giant
  9108 | Orc:2    | Found Axazeebe's Magic Scroll Shop.
  9127 | Orc:2    | Killed a stone giant
  9151 | Orc:2    | Found Nuavig's Book Shop.
  9156 | Orc:2    | Bought a scroll of fear for 40 gold pieces
  9156 | Orc:2    | Bought a scroll of vulnerability for 40 gold pieces
  9156 | Orc:2    | Bought a scroll of enchant weapon for 75 gold pieces
  9156 | Orc:2    | Bought a scroll of enchant weapon for 75 gold pieces
  9156 | Orc:2    | Bought a scroll of enchant weapon for 75 gold pieces
  9303 | Orc:2    | Found Yduarreph's Assorted Antiques.
  9310 | Orc:2    | Reached XP level 16. HP: 100/138 MP: 26/26
  9357 | Orc:2    | Glimpsed the power of Zot.
  9457 | Lair:1   | Entered Level 1 of the Lair of Beasts
  9512 | Lair:1   | Noticed Gastronok
  9528 | Lair:1   | Killed Gastronok
  9715 | Lair:1   | Noticed Erica
  9726 | Lair:1   | Killed Erica
  9973 | Lair:1   | Glimpsed the power of Zot.
 10100 | Lair:2   | Found a staircase to the Shoals.
 10139 | Lair:2   | Identified the +1 robe "Raam" {Int+3}
 10179 | Lair:2   | Found a hole to the Spider Nest.
 10219 | Lair:2   | Reached skill level 10 in Shields
 11398 | Lair:4   | Identified the +5 leather armour of Juget {rPois}
 11495 | Spider:1 | Entered Level 1 of the Spider Nest
 11543 | Spider:1 | Noticed Jorgrun
 11552 | Spider:1 | Killed Jorgrun
 11637 | Spider:1 | Reached XP level 17. HP: 55/148 MP: 28/28
 12344 | Spider:4 | Entered Level 4 of the Spider Nest
 12344 | Spider:4 | Reached ****** piety under the Shining One
 12391 | Spider:4 | Noticed Arachne
 12433 | Spider:4 | Killed Arachne
 12594 | Spider:3 | Reached skill level 15 in Invocations
 12603 | Spider:3 | HP: 3/149 [pharaoh ant (11)]
 12871 | Spider:4 | Gained mutation: You passively map a large area around you.
                  | [Meteoran growth]
 12871 | Spider:4 | Reached XP level 18. HP: 84/158 MP: 30/30
 13398 | Spider:4 | Reached skill level 15 in Shields
 13406 | Spider:4 | Paralysed by a jorogumo for 2 turns
 13411 | Spider:4 | Reached skill level 15 in Armour
 13445 | Spider:4 | Found the +0 mask of the Dragon {Will+ Slay+3 SInv}
 13464 | Spider:4 | Got a gossamer rune of Zot
 13876 | Spider:2 | Glimpsed the power of Zot.
 13919 | Spider:2 | Reached skill level 15 in Dodging
 13924 | Spider:2 | Reached skill level 1 in Spellcasting
 13937 | Spider:2 | Glimpsed the power of Zot.
 13976 | Spider:1 | Glimpsed the power of Zot.
 13986 | Spider:1 | Touched by the power of Zot.
 14049 | Shoals:1 | Entered Level 1 of the Shoals
 14051 | Shoals:1 | Noticed Josephine
 14069 | Shoals:1 | Killed Josephine
 14264 | Shoals:3 | Found Jeroph's Weapon Shop.
 14275 | Shoals:3 | Noticed Polyphemus
 14307 | Shoals:3 | Killed Polyphemus
 14333 | Shoals:3 | Reached XP level 19. HP: 91/161 MP: 31/31
 14351 | Shoals:3 | Noticed Kirke
 14353 | Shoals:3 | Noticed Nikola
 14359 | Shoals:3 | Killed Kirke
 14401 | Shoals:3 | Found Byxin's Antique Weapon Shop.
 14419 | Shoals:3 | Bought a pitted eveningstar for 660 gold pieces
 14419 | Shoals:3 | Identified the +6 eveningstar of Vanity {speed, rElec MP-9
                  | Dex+8 Stlth+} (You bought it in a shop on level 3 of the
                  | Shoals)
 14419 | Shoals:3 | Identified a +9 eveningstar of holy wrath (a +7 eveningstar
                  | of freezing blessed by the Shining One)
 14419 | Shoals:3 | Received a gift from the Shining One
 14492 | Shoals:3 | Killed Nikola
 14609 | Shoals:4 | Entered Level 4 of the Shoals
 14667 | Shoals:4 | Got the Essays on the Summoned Snowflakes
 14704 | Shoals:4 | Learned a level 1 spell: Freeze
 14707 | Shoals:4 | Learned a level 2 spell: Passwall
 14926 | Shoals:4 | Identified the +7 rapier "Jucos" {drain, Str+6}
 14989 | Shoals:4 | Reached skill level 5 in Spellcasting
 15130 | Shoals:4 | Reached skill level 15 in Fighting
 15310 | Shoals:4 | Got a barnacled rune of Zot
 16253 | Shoals:1 | Reached XP level 20. HP: 179/179 MP: 23/32
 16347 | Lair:5   | Entered Level 5 of the Lair of Beasts
 16367 | Lair:5   | Found a runed translucent door.
 16370 | Lair:5   | Found a staircase to the Slime Pits.
 16745 | Abyss:2  | Cast into level 2 of the Abyss (spriggan)
 16800 | Abyss:2  | Reached skill level 1 in Earth Magic
 16938 | Abyss:2  | Reached skill level 2 in Earth Magic
 16957 | Abyss:2  | Noticed a lich
 16965 | Abyss:2  | Killed a lich
 16986 | Lair:5   | Escaped the Abyss
 17120 | Lair:5   | Found a corrupted altar of Lugonu.
 17120 | Lair:5   | Found a one-way gate to the infinite horrors of the Abyss.
 17261 | Slime:1  | Entered Level 1 of the Pits of Slime
 17283 | Slime:1  | Reached skill level 3 in Earth Magic
 17452 | Slime:4  | Gained mutation: You are frail. (-10% HP) [a shining eye]
 17465 | Slime:3  | Reached skill level 4 in Earth Magic
 17520 | Slime:4  | Gained mutation: Your mind is acute. (Int +4, Str/Dex -1)
                  | [a shining eye]
 17544 | Slime:5  | Entered Level 5 of the Pits of Slime
 17587 | Slime:5  | Found a viscous altar of Jiyva.
 17587 | Slime:5  | Noticed the Royal Jelly
 17610 | Slime:5  | Killed the Royal Jelly
 17611 | Slime:5  | Reached XP level 21. HP: 145/169 MP: 17/35
 17635 | Slime:5  | Reached skill level 5 in Earth Magic
 17744 | Slime:5  | Identified the +0 ring mail of Tenacity {rC+ Int+4}
 17793 | Slime:5  | Got a slimy rune of Zot
 17806 | Slime:5  | Identified the +1 chain mail of Duck's Teeth {rPois Int+3}
 17916 | Slime:2  | Reached skill level 6 in Earth Magic
 18261 | D:10     | Lost mutation: You are frail. (-10% HP) [potion of
                  | mutation]
 18261 | D:10     | Lost mutation: You are partially covered in iridescent
                  | scales. (AC +2) [potion of mutation]
 18261 | D:10     | Lost mutation: You have a pair of small horns on your head.
                  | [potion of mutation]
 18261 | D:10     | Gained mutation: You have supernaturally acute eyesight.
                  | (SInv) [potion of mutation]
 18270 | Orc:1    | Glimpsed the power of Zot.
 18310 | Orc:2    | Glimpsed the power of Zot.
 18320 | Orc:2    | Touched by the power of Zot.
 18342 | Orc:2    | Bought Sif Muna's Parchment of the Pyre and the Mountains
                  | for 576 gold pieces
 18352 | Orc:2    | Learned a level 9 spell: Shatter
 18421 | Elf:1    | Entered Level 1 of the Elven Halls
 18449 | Elf:1    | Reached skill level 10 in Spellcasting
 18582 | Elf:2    | Found Ciqiq's General Store.
 18604 | Elf:2    | Bought a potion of curing for 45 gold pieces
 18753 | Elf:3    | Entered Level 3 of the Elven Halls
 18776 | Elf:3    | Noticed miscthings's ghost (adept MeFi)
 18785 | Elf:3    | Found a transporter.
 18810 | Elf:3    | Found a transporter.
 18843 | Elf:3    | Paralysed by an air elemental for 1 turns
 18923 | Elf:2    | Reached skill level 7 in Earth Magic
 18985 | Elf:2    | Paralysed by an air elemental for 1 turns
 19081 | Elf:3    | Paralysed by an air elemental for 1 turns
 19083 | Elf:3    | Paralysed by an air elemental for 1 turns
 19086 | Elf:3    | Paralysed by an air elemental for 1 turns
 19116 | Elf:3    | Reached XP level 22. HP: 155/199 MP: 28/37
 19281 | Elf:3    | Reached skill level 8 in Earth Magic
 19465 | Elf:3    | Found Lupsat's Book Boutique.
 19551 | Elf:3    | Noticed a Tzitzimitl
 19576 | Elf:3    | Identified the +0 kite shield "Viviyddi" {Stlth+}
 19576 | Elf:3    | Noticed Donald
 19588 | Elf:3    | Noticed a Tzitzimitl
 19604 | Elf:3    | Killed Donald
 19620 | Elf:3    | Identified the ring "Damnable Contraption" {rPois Will+}
 19798 | Elf:3    | Reached skill level 9 in Earth Magic
 19798 | Elf:3    | Paralysed by an air elemental for 1 turns
 19827 | Elf:3    | Identified the +3 ring mail of the Stone Wall {Will+ Int+2}
 19885 | Elf:3    | Found the amulet of the Four Winds {rN+ Will+++ Clar}
 19892 | Elf:3    | Identified the +10 battleaxe of Nodwues {vorpal, +Blink
                  | Dex+4}
 19991 | Elf:3    | Identified the amulet "Epytru Ixaff" {Reflect Harm +Blink
                  | rC- rCorr SH+5}
 19994 | Elf:3    | Identified the ring "Fuop" {rF- rC+ Will+ Dex+2 SInv}
 20032 | Elf:3    | Got the Tome of the Ground and Reformation
 20108 | Elf:3    | Noticed a juggernaut
 20108 | Elf:3    | a titan changed into a juggernaut
 20109 | Elf:3    | a juggernaut changed into a rockslime
 20120 | Elf:3    | Noticed a shard shrike
 20122 | Elf:3    | a shard shrike changed into a titan
 20214 | Orc:2    | Glimpsed the power of Zot.
 20346 | Vaults:1 | Entered Level 1 of the Vaults
 20530 | Vaults:1 | Noticed Asterion
 20543 | Vaults:1 | Killed Asterion
 20610 | Vaults:1 | Reached skill level 10 in Earth Magic
 20943 | Vaults:1 | Glimpsed the power of Zot.
 21050 | Vaults:2 | Reached XP level 23. HP: 209/209 MP: 31/40
 21185 | Vaults:2 | Reached skill level 11 in Earth Magic
 21227 | Vaults:2 | Identified the +0 chain mail "Nuid" {Rampage rF- Will+}
 21566 | Vaults:2 | Found a staircase to the Crypt.
 21570 | Vaults:2 | Upgraded the game from 0.29-a0-1019-g84f7d21838 to
                  | 0.29-a0-1027-gcd8c55af63
 21685 | Vaults:2 | Glimpsed the power of Zot.
 21735 | Vaults:2 | Glimpsed the power of Zot.
 21775 | Vaults:2 | Glimpsed the power of Zot.
 21785 | Vaults:2 | Touched by the power of Zot.
 21832 | Vaults:2 | Reached skill level 12 in Earth Magic
 21901 | Vaults:2 | Glimpsed the power of Zot.
 21950 | Vaults:2 | Glimpsed the power of Zot.
 22007 | Vaults:3 | Found a runed translucent gate.
 22007 | Vaults:3 | Found a runed translucent gate.
 22007 | Vaults:3 | Found a runed translucent gate.
 22007 | Vaults:3 | Noticed Ywousm's ghost (adept GnHW)
 22007 | Vaults:3 | Identified the +9 plate armour "Ycipy" {+Blink}
 22096 | Vaults:3 | Killed Ywousm's ghost
 22268 | Vaults:3 | Reached skill level 13 in Earth Magic
 22490 | Vaults:4 | Reached XP level 24. HP: 172/222 MP: 33/42
 22580 | Vaults:4 | Reached skill level 14 in Earth Magic
 22669 | Vaults:5 | Entered Level 5 of the Vaults
 22669 | Vaults:5 | Noticed a golden dragon
 22676 | Vaults:5 | Noticed an ancient lich
 22685 | Vaults:5 | Noticed an ancient lich
 22695 | Vaults:5 | Killed an ancient lich
 22696 | Vaults:5 | Reached skill level 15 in Earth Magic
 22699 | Vaults:5 | Reached skill level 16 in Earth Magic
 22699 | Vaults:5 | Killed an ancient lich
 22700 | Vaults:5 | Killed a golden dragon
 22722 | Vaults:5 | Noticed Jory
 22742 | Vaults:5 | Killed Jory
 22753 | Vaults:5 | Reached skill level 17 in Earth Magic
 22790 | Vaults:5 | Noticed a dread lich
 22805 | Vaults:5 | Killed a dread lich
 22851 | Vaults:5 | Found the +1 cloak of Starlight {*Dazzle EV+4 Stlth--}
 22867 | Vaults:5 | Reached skill level 18 in Earth Magic
 22919 | Vaults:5 | Reached XP level 25. HP: 221/231 MP: 33/42
 22930 | Vaults:5 | Identified the ring "Cowefiti" {rPois Int+7 Dex-5 Stlth+}
 23005 | Vaults:5 | Noticed a golden dragon
 23018 | Vaults:5 | Killed a golden dragon
 23019 | Vaults:5 | Reached skill level 19 in Earth Magic
 23089 | Vaults:5 | Found the +8 demon blade "Leech" {vamp, Harm Drain rN+}
 23116 | Vaults:5 | Got a silver rune of Zot
 23159 | Vaults:5 | Acquired the +3 pair of seven-league boots {Rampage+∞}
 23159 | Vaults:5 | Found the +3 pair of seven-league boots {Rampage+∞}
 23224 | Vaults:5 | Noticed a golden dragon
 23263 | Vaults:5 | Killed a golden dragon
 23295 | Vaults:5 | Reached skill level 20 in Earth Magic
 23902 | Depths:1 | Entered Level 1 of the Depths
 24051 | Depths:2 | Found a white marble altar of Elyvilon.
 24080 | Depths:2 | Paralysed by a floating eye for 3 turns
 24088 | Depths:2 | Paralysed by a floating eye for 4 turns
 24152 | Depths:1 | Found Mimpeca's Weapon Shop.
 24171 | Depths:1 | Reached skill level 21 in Earth Magic
 24248 | Depths:1 | Found Suden's Armour Emporium.
 24254 | Depths:1 | Found Richififf's Book Shoppe.
 24256 | Depths:1 | Found Zeaxtuest's Armour Emporium.
 24298 | Depths:1 | Noticed a dread lich
 24299 | Depths:1 | Found a one-way gateway to a ziggurat.
 24299 | Depths:1 | Noticed a dread lich
 24314 | Depths:1 | Killed a dread lich
 24324 | Depths:1 | Killed a dread lich
 24368 | Depths:1 | Voluntarily entered the Abyss.
 24426 | Abyss:3  | Found a basalt altar of Yredelemnul.
 24426 | Abyss:3  | Found a basalt altar of Yredelemnul.
 24426 | Abyss:3  | Found a basalt altar of Yredelemnul.
 24515 | Abyss:3  | Reached skill level 22 in Earth Magic
 24616 | Abyss:5  | Was placed under penance by the Shining One
 24618 | Abyss:5  | Reached XP level 26. HP: 154/239 MP: 31/42
 24623 | Abyss:5  | Got an abyssal rune of Zot
 24628 | Depths:1 | Escaped the Abyss
 24686 | Depths:1 | Was forgiven by the Shining One
 24769 | Zig:1    | Entered Level 1 of a ziggurat
 24778 | Zig:1    | Reached skill level 23 in Earth Magic
 24788 | Zig:2    | Entered Level 2 of a ziggurat
 24821 | Zig:3    | Entered Level 3 of a ziggurat
 24854 | Zig:4    | Entered Level 4 of a ziggurat
 24882 | Zig:4    | Paralysed by accursed screaming for 1 turns
 24907 | Zig:4    | Identified the ring of Wawopse {Fly rF++ MP-9 Int+4 Dex+2}
 24968 | Zig:4    | Identified the +5 storm dragon scales of the Raven {rElec
                  | Str+3 Stlth+}
 25007 | Zig:5    | Entered Level 5 of a ziggurat
 25179 | Zig:6    | Entered Level 6 of a ziggurat
 25221 | Zig:6    | Upgraded the game from 0.29-a0-1027-gcd8c55af63 to
                  | 0.29-a0-1033-gb6c65ffae6
 25224 | Zig:6    | Reached skill level 24 in Earth Magic
 25224 | Zig:6    | Reached XP level 27. HP: 162/246 MP: 35/42
 25234 | Zig:6    | Reached skill level 25 in Earth Magic
 25288 | Zig:7    | Entered Level 7 of a ziggurat
 25419 | Zig:8    | Entered Level 8 of a ziggurat
 25455 | Zig:8    | Identified the +9 demon blade "Beetle's Funeral" {drain,
                  | Int+2}
 25460 | Zig:8    | Reached skill level 26 in Earth Magic
 25492 | Zig:9    | Entered Level 9 of a ziggurat
 25896 | Depths:1 | Reached skill level 27 in Earth Magic
 25906 | Depths:1 | Identified the amulet "Adeceef" {rF- rC+ Regen+ Dex+4
                  | Stlth+}
 26009 | Depths:2 | Found a transporter.
 26012 | Depths:2 | Found a transporter.
 26035 | Depths:2 | Noticed freelancePsychic's ghost (veteran DrBe)
 26063 | Depths:2 | Reached skill level 15 in Spellcasting
 26217 | Depths:2 | Killed freelancePsychic's ghost
 26288 | Depths:2 | Glimpsed the power of Zot.
 26501 | Depths:3 | Identified the +2 pair of boots of Bokat {rPois Will+ Str-3
                  | Dex+3}
 26530 | Depths:3 | Found a one-way gate leading to the halls of Pandemonium.
 26546 | Pan      | Entered Pandemonium
 26616 | Pan      | Found an exit through the horrors of the Abyss.
 26683 | Pan      | Learned a level 6 spell: Statue Form
 26690 | Pan      | Learned a level 6 spell: Iron Shot
 26696 | Pan      | Learned a level 5 spell: Lee's Rapid Deconstruction
 26699 | Pan      | Learned a level 2 spell: Blink
 26711 | Pan      | Learned a level 3 spell: Swiftness
 26716 | Pan      | Learned a level 4 spell: Ice Form
 26896 | Pan      | Found a transporter.
 26965 | Pan      | Gained mutation: You occasionally shout uncontrollably at
                  | your foes. [a cacodemon]
 26996 | Pan      | Identified the ring of Egomania {rPois MP-9 Str+4 Dex+2}
 27009 | Pan      | Identified the ring "Fetryll" {EV+4 Str+4 Dex+3}
 27060 | Pan      | Gained mutation: Your spells are easier to cast, but less
                  | powerful. [a cacodemon]
 27101 | Pan      | Entered the realm of Lom Lobon.
 27406 | Pan      | Noticed Lom Lobon
 27459 | Pan      | Killed from afar by Lom Lobon

Illustrated notes

Levels and vault maps discovered:
D:1:      dpeg_arrival_simpleton_b, layout_basic,
          shapermc_ecumenical_altar_rom_forum
D:2:      layout_basic, uniq_natasha
D:3:      layout_basic, nicolae_hepliaklqana_monster_ancestors,
          ebering_ghost_rock_garden, serial_shops, nicolae_shop_stone
D:4:      layout_basic, general_overflow_altar, minmay_temple_entry_statues,
          uniq_blork_the_orc
D:5:      layout_basic, mainiacjoe_overflow_small_starburst
D:6:      layout_rooms, minmay_ruffians
D:7:      minmay_general_purpose_star, layout_basic, vehumet_altar_wand_db,
          nicolae_overflow_hidden_temple, serial_corexii_hall,
          corexii_hall_statues_deadend, corexii_hall_statues_x,
          corexii_hall_statues_t, hangedman_decor_clover_reticule
D:8:      minmay_separated_statues, layout_cave_pools,
          nicolae_gozag_seed_capital, serial_shops, nicolae_shop_behind_doors,
          kennysheep_generic_room_12
D:9:      layout_rooms, david_lair_shrubbed, special_room [special_room_bee]
D:10:     minmay_curly_fans, layout_basic, lemuel_zombie_altar_kikubaaqudgha,
          orc_david_3, dk_noncrumbling_3, chequers_big_river,
          nicolae_shop_unique_rings, ebering_dispersal_statue_hall
D:11:     layout_stronghold, minmay_misc_feat_secret_circle, uniq_erolcha,
          uniq_urug, uniq_sonja
D:12:     layout_gridville, nicolae_figureground_pulse
D:13:     layout_basic, ebering_ghost_reflecting_pool, fedhas_altar_1,
          uniq_nessos
D:14:     layout_cave_pools, hangedman_vaults_entry_quadrant_bands,
          serial_bayou_shore_b, minmay_misc_feat_ornament,
          okawaru_ov_weapons_minmay
D:15:     hangedman_depths_entry_try_elsewhere_first, layout_stronghold,
          uniq_rupert, uniq_louise
Temple:   hellmonk_temple_forest_ring
Lair:1:   layout_big_grid, infiniplex_staircase_pool_2, uniq_gastronok,
          uniq_erica
Lair:2:   layout_roguey, elwin_shoals_entry_rocks,
          nicolae_spider_entry_non_spiders, special_room
Lair:3:   layout_cave_shapes, nicolae_quartered_pool_medium
Lair:4:   nzn_winding_woodlands_stair_cross [nzn_winding_woodlands_5x15_twine,
          nzn_winding_woodlands_center_diamonds,
          nzn_winding_woodlands_5x15_river_crossing,
          nzn_winding_woodlands_5x5_default, nzn_winding_woodlands_5x5_cross,
          nzn_winding_woodlands_5x15_crooked,
          nzn_winding_woodlands_center_garden,
          nzn_winding_woodlands_5x15_sidewinder], layout_long_grid
Lair:5:   hellmonk_lair_end_abyssal_woods, layout_loops_ring, slime_entry_2,
          small_statue_intersection, serial_bayou_pond_b,
          nicolae_lair_grazing_beasts [nicolae_sub_lair_graze_edge,
          nicolae_sub_lair_graze_edge, nicolae_sub_lair_graze_edge,
          nicolae_sub_lair_graze_edge]
Shoals:1: layout_shoals, nicolae_shoals_dead_sea_scrolls, uniq_josephine
Shoals:2: layout_shoals, portal_ice_cave_entry_ice_simulacra,
          nicolae_shoals_water_elemental_grotto
Shoals:3: layout_shoals, serial_shops, nicolae_shop_bloodbath_and_beyond, shop,
          uniq_kirke, uniq_nikola, uniq_polyphemus
Shoals:4: shoals_end_simple, layout_shoals, nicolae_shoals_circle_sea_wall,
          nicolae_shoals_seven_spires
Spider:1: layout_chambers, hangedman_spider_tarantella_strand, uniq_jorgrun
Spider:2: layout_spider_delve
Spider:3: layout_cave_pods
Spider:4: floodkiller_spider_rune_tomb, nicolae_spider_nooks_and_crannies,
          uniq_arachne
Slime:1:  layout_caves
Slime:2:  layout_caves, nicolae_slime_round_cave
Slime:3:  layout_caves
Slime:4:  layout_caves
Slime:5
Orc:1:    layout_caves, basic_altar, elves_outpost_lemuel
Orc:2:    hellmonk_orc_salted, layout_caves, minmay_shop_mass
Elf:1:    layout_gridlike, gammafunk_ghost_fury_of_okawaru,
          minmay_elf_necromancy
Elf:2:    nicolae_elf_blades_crystal_corner, layout_geoelf_octagon,
          serial_shops, shop_fountains
Elf:3:    elf_hall_gauntlet_narrow, layout_gridlike, serial_shops,
          nicolae_shop_behind_doors, gammafunk_ghost_abyssal_escape, uniq_donald
Vaults:1: v_misc_27, nicolae_vaults_network_quinsquares
          [nicolae_vaults_network_quincunx_subvault,
          nicolae_vaults_network_quincunx_subvault,
          nicolae_vaults_network_quincunx_subvault,
          nicolae_vaults_network_quincunx_subvault],
          nicolae_vaults_little_squares_4, v_misc_15, st_smaller_cells,
          ontoclasm_vaults_shuriken, vaults_room_grunt_arrival_ludios,
          layout_vaults_quadrants, uniq_asterion
Vaults:2: nicolae_vaults_little_ls, nicolae_vaults_alarming,
          vaults_room_stairs_pillars, minmay_crypt_entry_skeletal_spiral,
          vaults_dpeg_emergency_exit, nicolae_vaults_theta,
          nicolae_vaults_shelves_hall, v_misc_11, ontoclasm_vaults_chip,
          ontoclasm_vaults_tryst, v_misc_11, nicolae_vaults_little_squares_3,
          nicolae_vaults_little_squares_6, ontoclasm_vaults_gateway,
          nicolae_vaults_diagonal_hallway_6, vaults_room_fours,
          layout_vaults_ring
Vaults:3: biasface_ghost_orc_armoury, nicolae_vaults_stairing_the_circle,
          ontoclasm_vaults_claustrophobia, nicolae_vaults_little_squares_6,
          nicolae_vaults_good_morning_starshine, v_misc_22,
          vaults_room_door_hall, vaults_room_hallway, hangedman_vaults_maws,
          layout_vaults_omnibox
Vaults:4: nicolae_vaults_triangles, nicolae_vaults_lopsided_apartments,
          vaults_room_grid, vaults_dpeg_ring, v_misc_10,
          vaults_room_ringed_pool, nicolae_vaults_yaktaur_gun_rack,
          dpeg_vaults_monster_box, layout_vaults_chaotic_city
Vaults:5: uniq_jory
Depths:1: minmay_connected_boxes_in_corner, layout_gridlike, enter_ziggurat_c,
          abyss_entry_glasseish, serial_shops, nicolae_square_shop,
          pf_hell_entry_great_geh, minmay_tree_intersection,
          minmay_misc_feat_room, eino_small_chamber_without_monster, laboratory,
          minmay_shop_star
Depths:2: minmay_tri_stars, layout_small_grid, rand_demon_pan_entry_1,
          minmay_curled_crystal, hell_entry, gammafunk_ghost_mausoleum,
          elyvilon_altar_1
Depths:3: minmay_spriggan_fort, layout_gridlike, serial_corexii_hall,
          corexii_hall_statues_t, corexii_hall_statues_deadend,
          grunt_mini_vestibule, abyss_entry_small_statue_room, tso_metal_star,
          pan_entry
Pan:      evilmike_mini_pan_doors, layout_gridlike, gammafunk_dig_for_victory,
          layout_gridlike, gammafunk_the_bubble [the_bubble_gammafunk_grid],
          layout_grid_shapes, regret_index_pan_draining_boxed, layout_gridlike,
          nicolae_pan_lom_lobonic_3, lom_lobon_grunt_wind_tunnels,
          layout_long_grid

Skill      XL: |  1  2  3  4  5  6  7  8  9 10 11 12 13 14 15 16 17 18 19 20 21 22 23 24 25 26 27 |
---------------+----------------------------------------------------------------------------------+-----
Fighting       | 2 4 6 7 9 10 11 12 13 14 15 16 17 18 19 20 | 20.1
Maces & Flails | 2 4 6 7 9 12 15 16 | 16.0
Invocations    | 3 6 8 10 11 12 14 15 | 15.0
Evocations     | 5 7 8 10 11 12 | 12.1
Armour         | 4 6 8 9 10 12 13 14 15 16 17 18 | 18.1
Dodging        | 3 6 7 9 10 11 12 14 15 16 17 18 | 18.1
Throwing       | 2 3 |  3.0
Shields        | 2 5 7 9 11 13 16 17 18 19 | 19.4
Spellcasting   | 3 7 9 10 12 14 20 | 20.0
Earth Magic    | 4 7 10 13 18 22 24 27 | 27.0
Stealth        | |  0.6

Action                   |  1- 3 |  4- 6 |  7- 9 | 10-12 | 13-15 | 16-18 | 19-21 | 22-24 | 25-27 || total
-------------------------+-------+-------+-------+-------+-------+-------+-------+-------+-------++-------
Melee: Club              |    14 |       |       |       |       |       |       |       |       ||    14
       Spear             |    18 |       |       |       |       |       |       |       |       ||    18
       Mace              |    37 |    29 |       |       |       |       |       |       |       ||    66
       Punch             |     1 |     1 |     1 |     4 |       |       |       |       |       ||     7
       Unarmed           |       |    18 |       |       |       |       |       |       |       ||    18
       Eveningstar       |       |    59 |   139 |   446 |   937 |  1141 |  1572 |  1493 |  1551 ||  7338
       Kick              |       |       |    29 |   168 |    98 |       |       |       |       ||   295
       Headbutt          |       |       |    17 |   103 |   334 |   374 |   550 |       |       ||  1378
       Sacred scourge    |       |       |       |       |       |       |       |       |   121 ||   121
Throw: Dart              |       |       |       |     5 |     2 |     2 |       |       |       ||     9
       Javelin           |       |       |       |       |     1 |     2 |     1 |       |       ||     4
       Throwing net      |       |       |       |       |       |       |     2 |       |       ||     2
 Cast: Shatter           |       |       |       |       |       |       |       |       |    45 ||    45
       Ice Form          |       |       |       |       |       |       |       |       |     1 ||     1
Invok: Divine Shield     |       |       |       |       |    11 |     7 |     3 |     9 |     5 ||    35
       Summon Divine War |       |       |       |       |       |     2 |       |     2 |     3 ||     7
       Cleansing Flame   |       |       |       |       |       |     1 |       |       |       ||     1
       Brand Weapon With |       |       |       |       |       |       |     1 |       |       ||     1
 Abil: End Transformatio |       |       |       |       |       |       |       |       |     1 ||     1
Evoke: Wand              |     6 |     3 |     1 |    31 |    22 |    27 |    20 |     9 |     8 ||   127
       Phial of floods   |       |       |       |       |     3 |     2 |     1 |       |       ||     6
       Box of beasts     |       |       |       |       |       |     3 |       |     4 |     2 ||     9
       Tin of tremorston |       |       |       |       |       |     1 |     3 |     6 |     3 ||    13
       Phantom mirror    |       |       |       |       |       |       |       |     2 |     1 ||     3
  Use: Scroll            |       |     6 |     6 |    10 |    10 |    10 |     1 |     2 |    10 ||    55
       Potion            |       |       |     2 |     4 |     2 |     4 |     5 |     5 |    13 ||    35
Armor: Leather armour    |    45 |    26 |    60 |   162 |       |   361 |       |       |       ||   654
       Ring mail         |     6 |    15 |       |       |       |       |       |       |       ||    21
       Skin              |       |     1 |       |       |       |       |       |       |       ||     1
       Plate armour      |       |       |       |    51 |       |       |       |       |       ||    51
       Troll leather arm |       |       |       |    10 |   259 |   102 |       |       |       ||   371
       Scale mail        |       |       |       |       |       |   110 |   359 |   290 |   358 ||  1117
Dodge: Dodged            |    49 |    53 |    43 |   241 |   447 |  1036 |   707 |   636 |   920 ||  4132
Block: Buckler           |       |       |       |    14 |   551 |  1000 |   691 |    44 |       ||  2300
       Kite shield       |       |       |       |       |       |       |       |  1054 |   571 ||  1625
       Tower shield      |       |       |       |       |       |       |       |       |  1120 ||  1120

Table legend: (Time is in decaauts)
 A = Elapsed time spent in this place.
 B = Non-inter-level travel time spent in this place.
 C = Inter-level travel time spent in this place.
 D = Time resting spent in this place.
 E = Time spent auto-exploring this place.
 F = Levels seen in this place.
 G = Mean time per level.
                   A        B        C        D        E       F      G
               +--------+--------+--------+--------+--------+-----+--------+
         Total |  24915 |  22525 |   2390 |    610 |   5537 |  66 |  377.5 |
       Dungeon |   8102 |   7263 |    839 |    127 |   2792 |  15 |  540.1 |
        Temple |    118 |     83 |     35 |      0 |     53 |   1 |  118.0 |
          Lair |   2849 |   2503 |    346 |      0 |    772 |   5 |  569.8 |
        Shoals |   1938 |   1835 |    103 |      9 |    274 |   4 |  484.5 |
   Spider Nest |   2416 |   2259 |    157 |    113 |    455 |   4 |  604.0 |
    Slime Pits |    499 |    437 |     62 |      0 |      0 |   5 |   99.8 |
  Orcish Mines |   1322 |   1088 |    234 |      0 |    470 |   2 |  661.0 |
   Elven Halls |   1532 |   1393 |    139 |      9 |    275 |   3 |  510.7 |
        Vaults |   2876 |   2435 |    441 |      0 |    316 |   5 |  575.2 |
        Depths |   1295 |   1264 |     31 |      0 |     30 |   3 |  431.7 |
         Abyss |    422 |    422 |      0 |      0 |     82 |   5 |   84.4 |
   Pandemonium |    855 |    855 |      0 |      0 |     18 |   5 |  171.0 |
      Ziggurat |    686 |    686 |      0 |    352 |      0 |   9 |   76.2 |
               +--------+--------+--------+--------+--------+-----+--------+

Top non-repeatable levels by time:
   Elf:3: 1067 daAuts
Vaults:2: 977 daAuts
Spider:4: 932 daAuts
   Orc:2: 921 daAuts
    D:13: 908 daAuts
Depths:1: 802 daAuts
    D:14: 784 daAuts
Spider:3: 763 daAuts
    D:15: 717 daAuts
  Lair:4: 709 daAuts
  Lair:5: 707 daAuts
Vaults:5: 667 daAuts
    D:12: 632 daAuts
     D:9: 612 daAuts
Vaults:1: 606 daAuts
